 Dungeon Crawl Stone Soup version 0.31-a0-844-gdc52ec4e09 (webtiles) character file.

Game seed: 4595260314744816832

160 lonewolfV2 the Shield-Bearer (level 5, -1/42 HPs)
             Began as a Formicid Fighter on Sept 29, 2023.
             Slain by Edmund
             ... wielding a +1 dire flail of protection
              (10 damage)
             ... on level 4 of the Dungeon.
             The game lasted 00:04:15 (2630 turns).

lonewolfV2 the Shield-Bearer (Formicid Fighter)     Turns: 2630, Time: 00:04:16

Health: -1/42      AC: 11    Str: 20    XL:     5   Next: 69%
Magic:  5/5        EV:  9    Int:  8    God:
Gold:   214        SH:  6    Dex: 15    Spells: 4/4 levels left

rFire   . . .        a - +0 war axe (flame)
rCold   + . .        c - +1 buckler
rNeg    . . .        b - +0 scale mail
rPois   .            (helmet unavailable)
rElec   .            (no cloak)
rCorr   .            (no gloves)
SInv    +            (no boots)
Will    .....        (no amulet) Stlth
                     k - ring of protection from cold
HPRegen 0.27/turn    n - +4 ring of protection
MPRegen 0.09/turn

%: no passive effects
@: no status effects
A: permanent stasis, dig shafts and tunnels, antennae 3, four strong arms
a: Dig, Shaft Self


You were on level 4 of the Dungeon.
You visited 1 branch of the dungeon, and saw 4 of its levels.

You collected 214 gold pieces.

Inventory:

Hand Weapons
 a - a +0 war axe of flaming (weapon)
Armour
 b - a +0 scale mail (worn)
 c - a +1 buckler (worn)
Jewellery
 h - a ring of positive energy
 k - a ring of protection from cold (left hand)
 n - a +4 ring of protection (right hand)
Talismans
 o - a serpent talisman
Wands
 g - a wand of light (3)
Scrolls
 e - a scroll of butterflies
Potions
 d - a potion of might
 f - a potion of resistance
 i - 2 potions of lignification
 j - 2 potions of heal wounds
 l - a potion of attraction
 r - a potion of curing


   Skills:
 + Level 4.0 Fighting
 + Level 3.7 Axes
 + Level 4.3 Armour
 + Level 0.6 Dodging
 + Level 0.4 Stealth
 + Level 4.5 Shields


You had 4 spell levels left.
You didn't know any spells.
Your spell library contained the following spells:

 Spells                   Type           Power      Damage    Failure   Level
 Shock                    Conj/Air       0%         1d3       83%         1
 Lesser Beckoning         Tloc           0%         N/A       92%         2
 Momentum Strike          Conj/Tloc      0%         3d8       92%         2
 Airstrike                Air            0%         2d(0-16)  100%        4
 Blink                    Tloc           Unusable   N/A       N/A         2
 Swiftness                Air            Unusable   N/A       N/A         3

Dungeon Overview and Level Annotations

Branches:
Dungeon (4/15)
 Temple: D:4-7

Altars:

Shops:
D:3 =

Annotations:
D:4 Edmund


Innate Abilities, Weirdness & Mutations

You cannot be hasted, slowed, berserked, paralysed or teleported.
You can dig through walls and to a lower floor.
You have a pair of large antennae on your head. (SInv)
Your four strong arms can wield two-handed weapons with a shield.


Message History

Edmund hits you but does no damage.
You hit Edmund but do no damage.
Edmund is severely wounded.
Edmund hits you with a +1 dire flail of protection. x2
You hit Edmund but do no damage.
Edmund is severely wounded.
You block Edmund's attack.
You hit Edmund. You burn Edmund.
Edmund is severely wounded.
You block Edmund's attack.
You strike the helpless Edmund from behind!
You hit Edmund but do no damage.
Edmund is severely wounded.
Edmund hits you but does no damage. Edmund barely misses you.
You slash Edmund! You burn Edmund.
Edmund is almost dead.
Edmund hits you but does no damage.
You closely miss Edmund.
Edmund is almost dead.
Edmund barely misses you.
You hit Edmund but do no damage.
Edmund is almost dead.
Edmund is no longer blind.
Edmund barely misses you.
An adder comes into view.
You block Edmund's attack.
You hit Edmund but do no damage.
Edmund is almost dead.
Edmund hits you with a +1 dire flail of protection!
You barely miss Edmund.
Edmund is almost dead.
Edmund hits you with a +1 dire flail of protection!
* * * LOW HITPOINT WARNING * * *
The adder completely misses you.
You closely miss Edmund.
Edmund is almost dead.
You closely miss the adder. The adder bites you but does no damage.
Edmund hits you but does no damage. The adder closely misses you.
Edmund hits you with a +1 dire flail of protection!
You die...
Edmund says, "That'll show my brother!"

# ## #.##. ...
## #.####.###.
#.###<........
#.#.########.
#S## #@# #@#
#.. #..# #..#
...# ...# ....


You could see Edmund and an adder.

Vanquished Creatures
  A scorpion (D:3)
  Natasha (D:3)
  A gnoll (D:3)
  An orc (D:3)
  9 ball pythons
  3 endoplasms
  2 giant cockroaches
  10 goblins
  4 hobgoblins
  3 jackals (D:3)
  3 quokkas
  4 bats
  4 frilled lizards
  13 kobolds
  3 rats
62 creatures vanquished.

Notes
Turn   | Place    | Note
-------+----------+-------------------------------------------
     0 | D:1      | lonewolfV2 the Formicid Fighter began the quest for the
                  | Orb.
     0 | D:1      | Reached XP level 1. HP: 18/18 MP: 1/1
    86 | D:1      | Reached XP level 2. HP: 11/24 MP: 2/2
   364 | D:1      | Reached XP level 3. HP: 25/29 MP: 3/3
  1490 | D:3      | Found Xihaeph's Jewellery Boutique.
  1512 | D:3      | Noticed a scorpion
  1525 | D:3      | Killed a scorpion
  1526 | D:3      | Reached XP level 4. HP: 23/37 MP: 4/4
  1526 | D:3      | Reached XP level 5. HP: 27/42 MP: 5/5
  2088 | D:3      | Noticed Natasha
  2096 | D:3      | Killed Natasha
  2611 | D:4      | Noticed Edmund
  2630 | D:4      | Slain by Edmund

Illustrated notes

Levels and vault maps discovered:
D:1:      zaba_arrival_water, layout_basic
D:2:      layout_loops_ring
D:3:      minmay_diamond_boxcup, layout_basic, serial_shops, shop_statue,
          nicolae_figureground_sparkle, uniq_natasha
D:4:      layout_loops_ring, chequers_ossuary_entry_cave,
          minmay_misc_feat_encased, nrook_uturn, uniq_grinder, uniq_edmund

Skill      XL: |  1  2  3  4  5 |
---------------+----------------+-----
Axes           | 3 |  3.7
Armour         | 4 |  4.3
Fighting       | 4 |  4.0
Dodging        | |  0.6
Stealth        | |  0.4
Shields        | |  4.5

Action                     |  1- 3 |  4- 6 || total
---------------------------+-------+-------++-------
  Melee: War axe           |   111 |    71 ||   182
Ability: Dig               |       |     1 ||     1
  Evoke: Wand              |       |     1 ||     1
    Use: Scroll            |    10 |     4 ||    14
         Potion            |     2 |       ||     2
   Stab: Invisible         |       |     1 ||     1
 Armour: Scale mail        |    92 |    53 ||   145
  Dodge: Dodged            |    59 |    37 ||    96
  Block: Buckler           |    44 |    30 ||    74
         Form:             |       |     1 ||     1
         Anaconda          |       |     1 ||     1

Table legend: (Time is in decaauts)
 A = Elapsed time spent in this place.
 B = Non-inter-level travel time spent in this place.
 C = Inter-level travel time spent in this place.
 D = Time resting spent in this place.
 E = Time spent auto-exploring this place.
 F = Levels seen in this place.
 G = Mean time per level.
                   A        B        C        D        E       F      G
               +--------+--------+--------+--------+--------+-----+--------+
         Total |   2705 |   2655 |     50 |    545 |   1461 |   4 |  676.2 |
       Dungeon |   2705 |   2655 |     50 |    545 |   1461 |   4 |  676.2 |
               +--------+--------+--------+--------+--------+-----+--------+

Top non-repeatable levels by time:
     D:3: 1331 daAuts
     D:1: 738 daAuts
     D:2: 609 daAuts
     D:4: 26 daAuts
